 Dungeon Crawl Stone Soup version 0.29.1-14-g9c671dbff4 (webtiles) character file.

Game seed: 6284995924258196947

277 MacCMillion the Grave Robber (level 6, -4/41 HPs)
             Began as a Mummy Necromancer on Feb 15, 2023.
             Slain by a necrophage (7 damage)
             ... on level 4 of the Dungeon.
             The game lasted 00:11:58 (4275 turns).

MacCMillion the Grave Robber (Mummy Necromancer)    Turns: 4275, Time: 00:11:59

Health: -4/41      AC:  2    Str: 11    XL:     6   Next: 4%
Magic:  14/14      EV: 12    Int: 16    God:
Gold:   162        SH:  0    Dex: 13    Spells: 7/15 levels left

rFire   x . .      SeeInvis .   d - +0 dagger
rCold   + . .      Faith    .   (no shield)
rNeg    + + +      Spirit   .   a - +0 robe
rPois   ∞          Reflect  .   (no helmet)
rElec   .          Harm     .   (no cloak)
rCorr   .          Rampage  .   (no gloves)
Will    +....                   (no boots)
Stlth   ++........              (no amulet)
HPRegen 0.13/turn               l - ring of willpower
MPRegen 0.14/turn               (no ring)

@: no status effects
A: cold resistance 1, negative energy resistance 3, torment resistance 2, heat
vulnerability 1, in touch with death 1, no potions
a: no special abilities


You were on level 4 of the Dungeon.
You visited 1 branch of the dungeon, and saw 4 of its levels.

You collected 162 gold pieces.

Inventory:

Hand Weapons
 d - a +0 dagger (weapon)
Armour
 a - a +0 robe (worn)
 e - a +0 cloak
 k - a +0 cloak of preservation
Jewellery
 l - a ring of willpower (left hand)
Scrolls
 b - a scroll of enchant weapon {unknown}
 c - 2 scrolls of fear {unknown}
 f - a scroll of butterflies {unknown}
 g - a scroll of poison {unknown}
 h - 2 scrolls of identify {unknown}
 i - 4 scrolls of teleportation {unknown}
 j - a scroll of acquirement {unknown}
 m - a scroll of silence {unknown}


   Skills:
 - Level 1.5 Dodging
 - Level 1.5 Stealth
 + Level 5.3 Spellcasting
 * Level 6.2 Necromancy


You had 7 spell levels left.
You knew the following spells:

 Your Spells              Type           Power      Damage    Failure   Level
a - Necrotise             Necr           100%       1d9       1%          1
b - Vampiric Draining     Necr           36%        2d8       3%          3
c - Animate Dead          Necr           36%        N/A       12%         4

Your spell library contained the following spells:

 Spells                   Type           Power      Damage    Failure   Level
 Shock                    Conj/Air       16%        1d4       14%         1
 Agony                    Necr           36%        N/A       32%         5
 Swiftness                Air            4%         N/A       41%         3
 Airstrike                Air            2%         2d(1-17)  82%         4


Dungeon Overview and Level Annotations

Branches:
Dungeon (4/15)
 Temple: D:4-7

Altars:
Fedhas

Annotations:
D:2 1 runed translucent door, Crazy Yiuf


Innate Abilities, Weirdness & Mutations

You are immune to poison.
Your flesh is cold resistant. (rC+)
You are immune to negative energy. (rN+++)
You are immune to unholy pain and torment.
You are vulnerable to heat. (rF-)
You are in touch with the powers of death.
You do not drink.


Message History

The necrophage barely misses you.
You hit the necrophage but do no damage.
The necrophage is heavily damaged.
The necrophage closely misses you.
You hit the necrophage.
The necrophage is heavily damaged.
The necrophage hits you!
You hit the necrophage but do no damage.
The necrophage is heavily damaged.
The necrophage hits you but does no damage.
You are too injured to fight recklessly!
You are too injured to fight recklessly!
You are too injured to fight recklessly!
You hit the necrophage.
The necrophage is heavily damaged.
The necrophage closely misses you.
You closely miss the necrophage.
The necrophage is heavily damaged.
The necrophage hits you.
* * * LOW HITPOINT WARNING * * *
You hit the necrophage but do no damage.
The necrophage is heavily damaged.
The necrophage hits you!
* * * LOW HITPOINT WARNING * * *
You closely miss the necrophage.
The necrophage is heavily damaged.
The necrophage closely misses you.
You barely miss the necrophage.
The necrophage is heavily damaged.
The necrophage closely misses you.
You hit the necrophage.
The necrophage is heavily damaged.
The necrophage misses you.
You barely miss the necrophage.
The necrophage is heavily damaged.
The necrophage misses you.
You hit the necrophage.
The necrophage is heavily damaged.
The necrophage hits you!
You die...

## ... #.. ####.. ......#####
..........######
..........)....#
#.........#n@..#
#.........#....##
#.........#..>..## #####
#.........#......###.'.# ####
#.........#..........### ....
#.........#..........#####.##
..##..#####..........'.†.....
. $.. #..........#####'##
##.# ##########.# #.....


You could see a necrophage.

Vanquished Creatures
  A jelly (D:4)
  A hound (D:4)
  An orc priest (D:3)
  An orc wizard (D:3)
  Natasha (D:4)
  An adder (D:3)
  3 gnolls (D:3)
  3 worms
  2 dart slugs (D:4)
  10 orcs
  3 bats
  8 endoplasms
  A giant cockroach (D:2)
  9 goblins
  8 hobgoblins
  2 jackals
  2 quokkas
  6 ball pythons
  2 frilled lizards
  8 kobolds
  A rat (D:1)
74 creatures vanquished.

Vanquished Creatures (collateral kills)
  A ball python (D:1)
  An endoplasm (D:2)
  A giant cockroach (D:2)
  A bat (D:1)
4 creatures vanquished.

Vanquished Creatures (others)
  2 fungi (D:3)
  3 plants (D:3)
5 creatures vanquished.

Grand Total: 83 creatures vanquished

Notes
Turn   | Place    | Note
-------+----------+-------------------------------------------
     0 | D:1      | MacCMillion the Mummy Necromancer began the quest for the
                  | Orb.
     0 | D:1      | Reached XP level 1. HP: 13/13 MP: 4/4
   296 | D:1      | Reached XP level 2. HP: 19/19 MP: 3/6
   652 | D:1      | Found a faded altar of an unknown god.
   862 | D:2      | Gained mutation: You are in touch with the powers of death.
                  | [Mummy growth]
   862 | D:2      | Reached XP level 3. HP: 22/24 MP: 1/8
  1036 | D:2      | Learned a level 3 spell: Vampiric Draining
  1743 | D:2      | Found a runed translucent door.
  1744 | D:2      | Noticed Crazy Yiuf
  1988 | D:3      | Reached XP level 4. HP: 16/30 MP: 1/10
  2228 | D:3      | Learned a level 4 spell: Animate Dead
  2392 | D:3      | Reached skill level 5 in Necromancy
  2952 | D:3      | Reached XP level 5. HP: 35/35 MP: 8/12
  2998 | D:3      | Found a blossoming altar of Fedhas.
  3773 | D:4      | Reached skill level 5 in Spellcasting
  3875 | D:4      | Noticed Natasha
  3879 | D:4      | Killed Natasha
  3923 | D:4      | Reached skill level 6 in Necromancy
  4180 | D:4      | Reached XP level 6. HP: 38/41 MP: 10/14
  4270 | D:4      | HP: 2/41 [necrophage (7)]
  4275 | D:4      | Slain by a necrophage

Illustrated notes

Levels and vault maps discovered:
D:1:      erik_arrival_triangle_small, layout_loops_ring,
          chequers_ecumenical_altar_simple_redux
D:2:      layout_rooms, uniq_crazy_yiuf_cottage
D:3:      layout_basic, fedhas_altar_3
D:4:      layout_basic, amethyst_overflow_temple_binary, grunt_ministairs_6,
          roderic_serpentine_path, minmay_strange_pillars, uniq_natasha

Skill      XL: |  1  2  3  4  5 |
---------------+----------------+-----
Spellcasting   | 3 4 5 |  5.3
Necromancy     | 5 6 |  6.2
Dodging        | |  1.5
Stealth        | |  1.5

Action                   |  1- 3 |  4- 6 || total
-------------------------+-------+-------++-------
Melee: Unarmed           |     1 |       ||     1
       Dagger            |    15 |    81 ||    96
       Punch             |       |     1 ||     1
 Cast: Necrotise         |    83 |    38 ||   121
       Vampiric Draining |       |    27 ||    27
 Stab: Sleeping          |       |     3 ||     3
Armor: Robe              |     5 |    17 ||    22
Dodge: Dodged            |    31 |    62 ||    93
